 Dungeon Crawl Stone Soup version 0.18.1-6-gd335043 (webtiles) character file.

86 zeroDi the Sneak (level 4, 0/23 HPs)
             Began as a Vine Stalker Assassin on May 19, 2016.
             Slain by an orc warrior
             ... wielding a cursed -1 mace
              (17 damage)
             ... on level 3 of the Dungeon.
             The game lasted 00:04:26 (1467 turns).

zeroDi the Sneak (Vine Stalker Assassin)            Turns: 1467, Time: 00:04:27

Health: 0/23       AC:  5    Str: 13    XL:     4   Next: 50%
Magic:  0/5        EV: 10    Int: 11    God:
Gold:   136        SH:  4    Dex: 17    Spells: 0 memorised, 3 levels left

rFire  . . .     SeeInvis .     a - +1 dagger (elec)
rCold  . . .     Gourm    .     x - +1 leather armour {MR+}
rNeg   . . .     Faith    .     y - +0 buckler
rPois  .         Spirit   +     (no helmet)
rElec  .         Dismiss  .     d - +0 cloak
rCorr  .         Reflect  .     (no gloves)
SustAt .         Harm     .     (no boots)
MR     +....                    (no amulet)
Stlth  +++.......               (no ring)
                                (no ring)

@: somewhat resistant to hostile enchantments, fairly stealthy
A: fangs 2, regeneration 1, magic shield, antimagic bite, no device heal 3, rot
immunity
a: no special abilities


You were on level 3 of the Dungeon.
You were not hungry.

You visited 1 branch of the dungeon, and saw 3 of its levels.

You collected 136 gold pieces.


Innate Abilities, Weirdness & Mutations

You have extremely sharp teeth.
Your natural rate of healing is unusually fast.
When hurt, damage is shared between your health and your magic reserves.
Your bite disrupts and absorbs the magic of your enemies.
Potions and wands cannot restore your health.
You are immune to rotting.


   Skills:
 - Level 1.7 Fighting
 + Level 4.1 Short Blades
 - Level 1.7 Throwing
 - Level 0.7 Dodging
 - Level 4.8 Stealth


You had 3 spell levels left.
You didn't know any spells.

Inventory:

Hand Weapons
 a - a +1 dagger of electrocution (weapon)
 b - a +0 blowgun
 n - a +2 dagger
Missiles
 e - 18 poisoned needles
 f - 2 curare-tipped needles {=f}
Armour
 c - a +0 robe
 d - a +0 cloak (worn)
 x - a +1 leather armour of magic resistance (worn)
 y - a +0 buckler (worn)
Jewellery
 p - an uncursed ring of wizardry {unknown}
 A - an uncursed ring of see invisible {unknown}
Scrolls
 i - 2 scrolls of remove curse {unknown}
 j - 3 scrolls of enchant armour {unknown}
 l - 5 scrolls of identify {@r1}
 o - a scroll of fog {unknown}
 q - a scroll of teleportation {unknown}
 v - a scroll of amnesia {unknown}
Potions
 k - a potion of haste {unknown}
 m - 3 potions of brilliance {unknown}
 r - a potion of cure mutation {unknown}
 s - 2 potions of cancellation {unknown}
 t - 2 potions of mutation {unknown}
 u - a potion of curing {unknown}
 B - a potion of heal wounds {unknown}
Comestibles
 g - 2 bread rations
 h - a slice of pizza
 w - 5 chunks of flesh
 z - 2 meat rations

Dungeon Overview and Level Annotations

Branches:
Dungeon (3/15)

Altars:
Ashenzari
Qazlal

#......# ###.##.# ###†......#.
#...(..# ####..#.###...........
#......###..........†....#.##..
#..........####..........#.# ..
#......##### #......##....# ..
######## #.....#......# #
#....#..#..#....#
####.#..#.###....###
##.o@.#..... .......
#.S######..###....... ##.##
##.# #....... #r.# .# #..<....
#.## .# #..####. #..# ##.S#
##r.o. ##....


You could see an orc warrior, a ball python and a rat.


Message History

Aim: an orc warrior, wielding a mace and wearing a chain mail You shoot a poisoned needle.
The poisoned needle hits the orc warrior.
The orc warrior is poisoned.
The orc shouts!
The orc warrior hits you but does no damage.
Firing (i - inventory. (,) - cycle):
e - 19 poisoned needles (quivered)
Press: ? - help, Shift-Dir - straight line, f/p - orc warrior
Aim: an orc warrior, wielding a mace and wearing a chain mail (lightly wounded, poisoned)
You shoot a poisoned needle.
The poisoned needle hits the orc warrior.
The orc warrior looks even sicker.
The orc warrior is lightly wounded.
The orc warrior hits you with a mace! The orc hits you but does no damage.
You hear the crackle of electricity.
a - a +1 dagger of electrocution (weapon)
The orc warrior hits you with a mace!!
Ouch! That really hurt!
You die...

Action                   |  1- 3 |  4- 6 || total
-------------------------+-------+-------++-------
Melee: Dagger            |    81 |    17 ||    98
       Bite              |    19 |     3 ||    22
 Fire: Blowgun           |    16 |    17 ||    33
  Use: Scroll            |     1 |       ||     1
 Stab: Sleeping          |     6 |       ||     6
  Eat: Chunk             |     1 |     1 ||     2
Armor: Robe              |    12 |       ||    12
       Leather armour    |     1 |    11 ||    12
Dodge: Dodged            |    36 |    16 ||    52
Block: Buckler           |     1 |     1 ||     2

Vault maps used:
D:1:      dpeg_arrival_circle_labyrinth_c
D:2:      old_standard_altar, lemuel_round_altar
D:3:      nicolae_gozag_cash_rules_everything_around_me, first_bread

Notes
Turn   | Place    | Note
--------------------------------------------------------------
     0 | D:1      | zeroDi the Vine Stalker Assassin began the quest for the Orb.
     0 | D:1      | Reached XP level 1. HP: 11/11 MP: 2/2
   193 | D:1      | Reached skill level 2 in Short Blades
   255 | D:1      | Reached XP level 2. HP: 15/15 MP: 3/3
   434 | D:1      | Reached skill level 3 in Short Blades
   434 | D:1      | Reached XP level 3. HP: 9/18 MP: 4/4
   854 | D:2      | Found a shattered altar of Ashenzari.
   904 | D:2      | Found a stormy altar of Qazlal.
  1271 | D:3      | Reached XP level 4. HP: 21/23 MP: 5/5
  1380 | D:3      | Reached skill level 4 in Short Blades
  1454 | D:3      | Noticed an orc warrior
  1467 | D:3      | Slain by an orc warrior

Vanquished Creatures
  2 adders (D:3)
  2 oozes (D:1)
  A worm (D:3)
  A dart slug (D:1)
  3 giant geckos
  4 orcs (D:3)
  A giant cockroach (D:1)
  6 goblins
  5 hobgoblins
  A quokka (D:3)
  A ball python (D:2)
  5 bats
  3 giant newts
  7 kobolds
  6 rats
48 creatures vanquished.
